 Dungeon Crawl Stone Soup version 0.26.1-2-gb8aa6d0cf2 (webtiles) character file.

Game seed: 1989304406834989843

97216 Gadfly the End of an Era (level 15, 0/103 HPs)
             Began as a Demonspawn Monk on Feb 16, 2021.
             Was the Champion of Qazlal.
             Slain by an orc warrior
             ... wielding a +0 scimitar
              (24 damage)
             ... on level 1 of the Orcish Mines on Feb 17, 2021.
             The game lasted 01:05:16 (21104 turns).

Gadfly the End of an Era (Demonspawn Monk)         Turns: 21104, Time: 01:05:21

Health: 0/103      AC: 31    Str: 24    XL:     15   Next: 71%
Magic:  17/28      EV: 13    Int: 11    God:    Qazlal [******]
Gold:   1989       SH:  8    Dex: 16    Spells: 12/14 levels left

rFire    . . .     SeeInvis .   a - +2 battleaxe (freeze)
rCold    + . .     Faith    .   (shield currently unavailable)
rNeg     . . .     Spirit   .   K - +1 plate armour {rC+}
rPois    +         Reflect  .   (helmet restricted)
rElec    .         Harm     .   m - +0 cloak
rCorr    .         Rampage  .   v - +0 pair of gloves
Will     +....     Clarity  +   I - +2 pair of boots {run}
Stlth    ..........             q - amulet of regeneration
HPRegen  3.67/turn              P - +4 ring of evasion
MPRegen  0.21/turn              C - +6 ring of strength

@: protected from physical damage, repel missiles, quick
A: horns 1, iridescent scales 2, clarity, demonic guardian 1, mutation
resistance 1, poison resistance, powered by death 3
a: Renounce Religion, Upheaval, Elemental Force, Disaster Area


You were on level 1 of the Orcish Mines.
You worshipped Qazlal.
Qazlal was exalted by your worship.
You visited 3 branches of the dungeon, and saw 19 of its levels.
You also visited: Gauntlet.

You collected 2139 gold pieces.
You spent 150 gold pieces at shops.

Inventory:

Hand Weapons
 a - a +2 battleaxe of freezing (weapon)
 b - the +7 mace of Variability {chain chaos}
   (You found it on level 6 of the Lair of Beasts)

   Each time it hits an enemy it has a different, random effect.
Armour
 m - a +0 cloak (worn)
 v - a +0 pair of gloves (worn)
 I - a +2 pair of boots of running (worn)
 K - a +1 plate armour of cold resistance (worn)
Jewellery
 q - an amulet of regeneration (around neck)
 w - an uncursed ring of resist corrosion
 C - a +6 ring of strength (right hand)
 F - an uncursed ring of poison resistance
 P - a +4 ring of evasion (left hand)
Wands
 j - a wand of flame (33)
 t - a wand of acid (6)
 y - a wand of iceblast (12)
 A - a wand of paralysis (5)
 B - a wand of digging (8)
 G - a wand of disintegration (16)
 M - a wand of random effects (44) (quivered)
Scrolls
 c - 13 scrolls of teleportation
 d - a scroll of fear
 f - 3 scrolls of magic mapping
 n - 2 scrolls of brand weapon
 p - 3 scrolls of fog
 r - a scroll of enchant armour
 x - 5 scrolls of enchant weapon
 z - 8 scrolls of blinking
 L - a scroll of summoning
 N - 3 scrolls of remove curse
Potions
 g - 11 potions of curing
 h - 4 potions of haste
 i - a potion of attraction
 k - 7 potions of lignification
 l - 3 potions of flight
 o - 6 potions of ambrosia
 s - 2 potions of might
 u - a potion of berserk rage
 D - 2 potions of cancellation
 H - 2 potions of mutation
 J - a potion of resistance
Miscellaneous
 e - a tin of tremorstones (2/2)


   Skills:
 + Level 5.4 Fighting
 - Level 10.4 Axes
 - Level 13.6 Armour
 - Level 2.6 Dodging
 - Level 1.7 Stealth
 - Level 18.4 Invocations
 - Level 14.6 Evocations


You had 12 spell levels left.
You knew the following spells:

 Your Spells              Type           Power        Failure   Level
a - Blink                 Tloc           N/A          99%         2

Your spell library contained the following spells:

 Spells                   Type           Power        Failure   Level
 Summon Small Mammal      Summ           0%           97%         1
 Call Imp                 Summ           0%           99%         2
 Corpse Rot               Necr/Air       N/A          99%         2
 Call Canine Familiar     Summ           0%           100%        3
 Gell's Gravitas          Tloc           0%           100%        3
 Lesser Beckoning         Tloc           0%           100%        3
 Stone Arrow              Conj/Erth      0%           100%        3
 Summon Guardian Golem    Hex/Summ       0%           100%        3
 Teleport Other           Tloc           0%           100%        3
 Leda's Liquefaction      Hex/Erth       0%           100%        4
 Passage of Golubria      Tloc           N/A          100%        4
 Summon Ice Beast         Ice/Summ       0%           100%        4
 Summon Lightning Spire   Summ/Air       0%           100%        4
 Bolt of Magma            Conj/Fire/Erth 0%           100%        5
 Summon Forest            Summ/Tloc      0%           100%        5
 Eringya's Noxious Bog    Tmut/Pois      0%           100%        6
 Hydra Form               Tmut           0%           100%        6
 Iron Shot                Conj/Erth      0%           100%        6
 Statue Form              Tmut/Erth      0%           100%        6
 Summon Hydra             Summ           0%           100%        7
 Shatter                  Erth           0%           100%        9


Dungeon Overview and Level Annotations

Branches:
Dungeon (11/15)            Temple (0/1) D:5            Lair (6/6) D:10
 Shoals (0/4) Lair:4        Snake (0/4) Lair:3        Slime (0/5) Lair:5
    Orc (2/2) D:10            Elf (0/3) Orc:2       Gauntlet (visited)

Altars:
Cheibriados
Kikubaaqudgha
Nemelex Xobeh
Okawaru
Qazlal
Ru
Sif Muna
Xom
Yredelemnul
Zin
Beogh
Jiyva

Shops:
D:4 =   Orc:2 (![}


Innate Abilities, Weirdness & Mutations

You have a pair of small horns on your head.
You are mostly covered in iridescent scales. (AC +4)
A weak demonic guardian rushes to your aid.
You regenerate a lot of health from kills.
You possess an exceptional clarity of mind.
You are somewhat resistant to further mutation.
Your system is resistant to poisons. (rPois)


Message History

Your water elemental closely misses the orc knight.
The orc knight hits your fire elemental with a +2 great mace!!!
Your fire elemental is destroyed!
The minotaur hits you but does no damage.
The minotaur gores you.
* * * LOW HITPOINT WARNING * * *
You feel more protected from physical attacks.
You barely miss the minotaur.
You headbutt the minotaur, but do no damage.
The minotaur is severely wounded.
You barely miss the orc knight. You slash the orc warrior!
You freeze the orc warrior.
The orc knight dies!
Qazlal accepts your kill.
Your water elemental disappears in a puff of smoke!
The naga warrior is engulfed in blazing flames.
You block the naga warrior's attack.
The orc warrior repeatedly yells encouragement to no one in particular.
The orc warrior hits you with a +0 scimitar!!
You die...

#...#...#_#...# ###
##.##...$)!...###
#.####...#.#8...8#.#.##
...##....#.........#..#######
...##....#.#8...8#.#...#.##.##
.........#.........#.........#
.........####'○N####......#.##
..............○oH○...........#
...............)@...........##
.............§.○.○☼.......###
.............§.......(....##
....................#......#
..........................##
...................(......#
#.....................#...#
.#.......................##
.........................##


You could see a naga warrior, a minotaur and an orc warrior (strong).

Vanquished Creatures
  2 orc warlords (Orc:2)
  A minotaur (Gauntlet)
  Josephine (Lair:5)
  The ghost of promet the Fighter, a journeyman DsGl of Nemelex Xobeh (Lair:2)
  Erolcha (Orc:1)
  5 hydras
  2 catoblepae
  A centaur warrior (Orc:1)
  3 ogre magi
  6 death yaks (Lair:6)
  A death scarab (Gauntlet)
  15 two-headed ogres
  A hell hog (Gauntlet)
  Nergalle (D:10)
  A wizard (Gauntlet)
  A deep elf archer (Orc:1)
  2 lindwurms
  Pikel (D:9)
  4 orc knights
  A cyclops (D:10)
  5 oklob plants
  An ugly thing (D:10)
  2 manticores (Lair:6)
  An orc sorcerer (Orc:1)
  A merfolk siren (Lair:4)
  22 elephants
  Joseph (D:8)
  7 black mambas
  Psyche (D:9)
  3 torpor snails
  10 cane toads
  10 komodo dragons
  4 rime drakes
  The ghost of ew1980 the Destroyer, a novice TeCj of Vehumet (D:5)
  A troll (D:10)
  3 meliai (Lair:4)
  11 polar bears
  A queen bee (Lair:4)
  A hornet (D:9)
  9 dream sheep
  9 blink frogs (Lair:6)
  2 raiju (Lair:6)
  A spectral black mamba (Gauntlet)
  Sigmund (D:3)
  4 wyverns
  4 wraiths (Lair:5)
  70 yaks
  2 fire bats (Gauntlet)
  A basilisk (Lair:5)
  2 steam dragons
  7 wargs
  5 nagas (Lair:3)
  An acid dragon (D:11)
  12 water moccasins
  17 hell hounds
  20 orc warriors
  14 black bears
  37 ogres
  2 phantoms
  2 eyes of draining
  A necrophage (D:11)
  4 ice beasts
  20 wolves
  7 centaurs
  A lemure (D:9)
  Blork the orc (Orc:1)
  14 bullfrogs
  A gnoll sergeant (Orc:1)
  3 scorpions
  21 killer bees
  16 wights
  A bullfrog zombie (D:11)
  12 orc priests
  6 hounds
  2 bullfrog skeletons (D:7)
  5 centaur skeletons
  Jessica (D:2)
  12 orc wizards
  7 hell rats (Lair:5)
  6 worker ants
  2 hound skeletons
  Robin (D:3)
  A howler monkey zombie (D:9)
  A worker ant zombie (D:3)
  6 gnolls
  12 adders
  2 shadow imps
  3 white imps
  3 ufetubi
  An ooze (D:2)
  3 adder zombies
  2 worms
  A dart slug (D:1)
  6 leopard geckos
  82 orcs
  2 bats (D:3)
  7 giant cockroaches
  11 goblins
  7 hobgoblins
  9 jackals
  3 quokkas
  A frilled lizard (D:3)
  8 kobolds
  2 rats
  A bush (D:3)
677 creatures vanquished.

Vanquished Creatures (collateral kills)
  The ghost of barkas the Spear-Bearer, a journeyman CeMo of Okawaru (Orc:1)
  An ogre mage (Orc:2)
  A hydra (D:10)
  A two-headed ogre (Orc:2)
  A death yak (Lair:6)
  An orc knight (Orc:1)
  3 elephants (Lair:6)
  A cane toad (Lair:2)
  3 komodo dragons
  2 dream sheep (Lair:4)
  A wraith (Lair:5)
  5 yaks
  A basilisk (Lair:6)
  A wyvern (D:10)
  A water moccasin (Lair:2)
  A hell hound (Lair:6)
  A phantom (D:5)
  A black bear (Lair:6)
  3 ogres
  A bullfrog (D:6)
  A wight (D:10)
  An orc priest (D:5)
  A white imp (D:7)
  4 orcs
  A jackal (D:8)
  A quokka (D:8)
40 creatures vanquished.

Vanquished Creatures (others)
  An orc (Orc:2)
  2 bushes
  14 demonic plants (Gauntlet)
  94 fungi
  124 plants
235 creatures vanquished.

Grand Total: 952 creatures vanquished

Notes
Turn   | Place    | Note
-------+----------+-------------------------------------------
     0 | D:1      | Gadfly the Demonspawn Monk began the quest for the Orb.
     0 | D:1      | Reached XP level 1. HP: 18/18 MP: 1/1
   432 | D:1      | Reached skill level 1 in Invocations
   432 | D:1      | Gained mutation: You are partially covered in iridescent
                  | scales. (AC +2) [demonic ancestry]
   432 | D:1      | Reached XP level 2. HP: 21/24 MP: 2/2
  1068 | D:1      | Reached skill level 1 in Evocations
  1069 | D:1      | Reached skill level 1 in Armour
  1299 | D:2      | Gained mutation: A weak demonic guardian rushes to your
                  | aid. [demonic ancestry]
  1299 | D:2      | Reached XP level 3. HP: 24/29 MP: 4/4
  1386 | D:2      | Found a stormy altar of Qazlal.
  1387 | D:2      | Noticed a fire elemental
  1390 | D:2      | Noticed an earth elemental
  1391 | D:2      | Noticed an air elemental
  1391 | D:2      | Noticed a water elemental
  1474 | D:2      | Became a worshipper of Qazlal Stormbringer
  1474 | D:2      | Reached * piety under Qazlal
  1474 | D:2      | Reached ** piety under Qazlal
  1556 | D:2      | Reached skill level 2 in Invocations
  1755 | D:2      | Noticed Jessica
  1764 | D:2      | Killed Jessica
  1956 | D:2      | Gained mutation: You are mostly covered in iridescent
                  | scales. (AC +4) [demonic ancestry]
  1956 | D:2      | Reached XP level 4. HP: 34/35 MP: 5/5
  2531 | D:3      | You fall into a shaft and drop 1 floor!
  2948 | D:3      | Noticed Robin
  2959 | D:3      | Reached skill level 3 in Invocations
  2962 | D:3      | Killed Robin
  3037 | D:3      | Gained mutation: You have a pair of small horns on your
                  | head. [demonic ancestry]
  3037 | D:3      | Reached XP level 5. HP: 41/41 MP: 7/7
  3246 | D:3      | Noticed Sigmund
  3251 | D:3      | Killed Sigmund
  3252 | D:3      | Reached skill level 4 in Invocations
  3252 | D:3      | Reached XP level 6. HP: 39/47 MP: 7/9
  3755 | D:4      | Found Junuv's Jewellery Shop.
  3907 | D:4      | Found a sacrificial altar of Ru.
  3986 | D:5      | Entered Level 5 of the Dungeon
  4268 | D:5      | Found a staircase to the Ecumenical Temple.
  4286 | D:5      | Reached skill level 5 in Invocations
  4310 | D:5      | Reached XP level 7. HP: 29/52 MP: 10/10
  4649 | D:5      | Reached *** piety under Qazlal
  4928 | D:5      | Noticed ew1980's ghost (novice TeCj)
  4929 | D:5      | Found a transporter.
  4929 | D:5      | Found a transporter.
  4931 | D:5      | Identified the +10 dire flail of Otanof {vorpal, +Inv Will+
                  | MP+9}
  5324 | D:6      | Reached skill level 6 in Invocations
  5627 | D:6      | Gained mutation: You regenerate a little health from kills.
                  | [demonic ancestry]
  5627 | D:6      | Reached XP level 8. HP: 58/58 MP: 12/12
  6019 | D:6      | Found a shimmering blue altar of Sif Muna.
  6020 | D:6      | Found a sparkling altar of Nemelex Xobeh.
  6021 | D:6      | Found a basalt altar of Yredelemnul.
  6022 | D:6      | Found a glowing silver altar of Zin.
  6167 | D:7      | Reached skill level 5 in Evocations
  6182 | D:7      | Reached skill level 7 in Invocations
  6560 | D:7      | Reached skill level 5 in Armour
  6568 | D:7      | Found a shimmering altar of Xom.
  6821 | D:7      | Reached **** piety under Qazlal
  6864 | D:7      | Reached skill level 8 in Invocations
  7031 | D:7      | Reached XP level 9. HP: 63/63 MP: 15/15
  7286 | D:8      | Noticed Joseph
  7302 | D:8      | Reached skill level 5 in Axes
  7311 | D:8      | Killed Joseph
  7468 | D:8      | Reached skill level 9 in Invocations
  8353 | D:9      | Noticed Pikel
  8364 | D:9      | Killed Pikel
  8364 | D:9      | Reached ***** piety under Qazlal
  8365 | D:9      | Reached skill level 10 in Invocations
  8371 | D:9      | Gained mutation: You regenerate health from kills. [demonic
                  | ancestry]
  8371 | D:9      | Reached XP level 10. HP: 69/70 MP: 17/17
  8468 | D:9      | Found an ancient bone altar of Kikubaaqudgha.
  8519 | D:9      | Noticed Psyche
  8534 | D:9      | Killed Psyche
  8914 | D:9      | Found a stormy altar of Qazlal.
  9056 | D:9      | Found a snail-covered altar of Cheibriados.
  9160 | D:10     | Entered Level 10 of the Dungeon
  9194 | D:10     | Noticed a seven-headed hydra
  9199 | D:10     | Killed a seven-headed hydra
  9200 | D:10     | Reached skill level 11 in Invocations
  9450 | D:10     | Reached XP level 11. HP: 69/75 MP: 19/19
  9570 | D:10     | Found a staircase to the Lair.
  9675 | D:10     | Found a staircase to the Orcish Mines.
  9788 | Lair:1   | Entered Level 1 of the Lair of Beasts
  9863 | Lair:1   | Found a gate leading to a gauntlet.
  9890 | Gauntlet | Entered a Gauntlet
  9890 | Gauntlet | Found a transporter.
  9899 | Gauntlet | Noticed a wizard
  9902 | Gauntlet | Found a transporter.
  9915 | Gauntlet | Found a transporter.
  9917 | Gauntlet | Noticed a death yak
  9919 | Gauntlet | Noticed a hell hog
  9920 | Gauntlet | Found a transporter.
  9920 | Gauntlet | Noticed a death yak
  9922 | Gauntlet | Noticed a death yak
  9925 | Gauntlet | Noticed a necromancer
  9937 | Gauntlet | Found a transporter.
  9955 | Gauntlet | Found a transporter.
  9967 | Gauntlet | Found a transporter.
  9979 | Gauntlet | Found a transporter.
  9979 | Gauntlet | Noticed a cacodemon
  9985 | Gauntlet | Found a transporter.
  9985 | Gauntlet | Found a transporter.
 10000 | Gauntlet | Found a transporter.
 10001 | Gauntlet | Noticed a five-headed hydra
 10010 | Gauntlet | Noticed a catoblepas
 10012 | Gauntlet | Found a transporter.
 10031 | Gauntlet | Found a transporter.
 10046 | Gauntlet | Found a transporter.
 10048 | Gauntlet | Found a transporter.
 10048 | Gauntlet | Noticed a sixfirhy
 10067 | Gauntlet | Noticed a death scarab
 10075 | Gauntlet | Found a transporter.
 10093 | Gauntlet | Found a transporter.
 10095 | Gauntlet | Found a transporter.
 10319 | Gauntlet | Killed a death scarab
 10320 | Gauntlet | Reached skill level 12 in Invocations
 10457 | Gauntlet | Killed a wizard
 10522 | Gauntlet | Killed a hell hog
 10546 | Gauntlet | Got a crystal battleaxe
 10557 | Gauntlet | Identified a +2 pair of boots of running (You found it in a
                  | Gauntlet)
 10560 | Gauntlet | Identified the cursed +2 battleaxe of Muklergh {venom,
                  | rElec} (You found it in a Gauntlet)
 10649 | Gauntlet | Noticed a minotaur
 10669 | Gauntlet | HP: 2/75 [minotaur (17)]
 10673 | Gauntlet | Killed a minotaur
 11159 | Lair:1   | Reached skill level 10 in Evocations
 11366 | Lair:1   | Noticed an oklob plant
 11366 | Lair:1   | Noticed an oklob plant
 11439 | Lair:1   | Noticed an oklob plant
 11439 | Lair:1   | Noticed an oklob plant
 11531 | Lair:1   | Killed an oklob plant
 11532 | Lair:1   | Reached skill level 13 in Invocations
 11589 | Lair:1   | Killed an oklob plant
 11590 | Lair:1   | Killed an oklob plant
 11786 | Lair:1   | Killed an oklob plant
 11936 | Lair:1   | Gained mutation: Your body sometimes deteriorates upon
                  | taking damage. [potion of mutation]
 11936 | Lair:1   | Gained mutation: You expend magic power (3 MP) to
                  | strengthen your wands. [potion of mutation]
 11936 | Lair:1   | Gained mutation: Your muscles are strong. (Str +2) [potion
                  | of mutation]
 11937 | Lair:1   | Lost mutation: Your body sometimes deteriorates upon taking
                  | damage. [potion of mutation]
 11937 | Lair:1   | Lost mutation: You expend magic power (3 MP) to strengthen
                  | your wands. [potion of mutation]
 11937 | Lair:1   | Lost mutation: Your muscles are strong. (Str +2) [potion of
                  | mutation]
 11937 | Lair:1   | Gained mutation: Your system is resistant to poisons.
                  | (rPois) [potion of mutation]
 11937 | Lair:1   | Gained mutation: You are somewhat resistant to further
                  | mutation. [potion of mutation]
 11937 | Lair:1   | Gained mutation: You possess an exceptional clarity of
                  | mind. [potion of mutation]
 12346 | Lair:2   | Reached XP level 12. HP: 50/81 MP: 21/21
 12506 | Lair:2   | Noticed a six-headed hydra
 12516 | Lair:2   | Killed a six-headed hydra
 12533 | Lair:2   | Noticed a five-headed hydra
 12541 | Lair:2   | Killed a five-headed hydra
 12747 | Lair:2   | Reached skill level 10 in Armour
 12974 | Lair:2   | Found a large runed translucent door.
 12974 | Lair:2   | Found a large runed translucent door.
 12976 | Lair:2   | Noticed promet's ghost (journeyman DsGl)
 13473 | D:5      | Killed ew1980's ghost
 13474 | D:5      | Reached skill level 14 in Invocations
 13705 | Lair:2   | Killed promet's ghost
 14312 | Lair:3   | Got a transparent great sword
 14313 | Lair:3   | Identified the +1 great sword of the Known World {speed,
                  | Str+2 Dex+4} (You found it on level 3 of the Lair of
                  | Beasts)
 14697 | Lair:3   | Found a staircase to the Snake Pit.
 15200 | Lair:4   | Gained mutation: You regenerate a lot of health from kills.
                  | [demonic ancestry]
 15200 | Lair:4   | Reached XP level 13. HP: 49/86 MP: 24/24
 15264 | Lair:4   | Reached skill level 15 in Invocations
 15327 | Lair:4   | Found a staircase to the Shoals.
 16289 | Lair:4   | Learned a level 2 spell: Blink
 16317 | Lair:5   | Noticed Josephine
 16329 | Lair:5   | Killed Josephine
 16783 | Lair:5   | Found a viscous altar of Jiyva.
 16785 | Lair:5   | Found a staircase to the Slime Pits.
 17294 | Lair:6   | Entered Level 6 of the Lair of Beasts
 17308 | Lair:6   | Reached skill level 16 in Invocations
 17367 | Lair:6   | Reached XP level 14. HP: 45/93 MP: 26/26
 18093 | Lair:6   | Reached skill level 17 in Invocations
 18399 | Lair:6   | Reached ****** piety under Qazlal
 18400 | Lair:6   | Reached skill level 10 in Axes
 18478 | Lair:6   | Found the +7 mace of Variability {chain chaos}
 18483 | Lair:6   | Got a steaming iron amulet
 18489 | Lair:6   | Identified the amulet "Zibluxy" {Faith Stlth+} (You found
                  | it on level 6 of the Lair of Beasts)
 18704 | D:11     | Noticed Nergalle
 18719 | D:10     | Killed Nergalle
 18761 | D:10     | Reached XP level 15. HP: 70/98 MP: 22/27
 19071 | Orc:1    | Entered Level 1 of the Orcish Mines
 19173 | Orc:1    | Noticed Blork the orc
 19181 | Orc:1    | Killed Blork the orc
 19410 | Orc:1    | Found a runed translucent gate.
 19411 | Orc:1    | Found a runed translucent gate.
 19411 | Orc:1    | Noticed barkas's ghost (journeyman CeMo)
 19412 | Orc:1    | Found a runed translucent gate.
 19592 | Orc:1    | Found an iron altar of Okawaru.
 19642 | Orc:2    | Entered Level 2 of the Orcish Mines
 19644 | Orc:2    | Found a staircase to the Elven Halls.
 19648 | Orc:2    | Noticed Erolcha
 19670 | Orc:1    | Killed Erolcha
 19848 | Orc:1    | Reached skill level 18 in Invocations
 20097 | Orc:2    | Found a roughly hewn altar of Beogh.
 20127 | Orc:2    | Noticed an orc warlord
 20139 | Orc:2    | Killed an orc warlord
 20263 | Orc:2    | HP: 2/98 [orc warrior/+2 flail of protection[an orc knight]
                  | (19)]
 20446 | Orc:2    | Found Nuotsor's Antique Armour Emporium.
 20446 | Orc:2    | Found Kunnuuk's Gadget Shop.
 20455 | Orc:2    | Found Zosmeg's Distillery.
 20455 | Orc:2    | Found Cafial's Antique Weapon Boutique.
 20467 | Orc:2    | Bought a potion of resistance for 150 gold pieces
 20488 | Orc:2    | Noticed an orc warlord
 20501 | Orc:2    | Killed an orc warlord
 21099 | Orc:1    | Reached skill level 5 in Fighting
 21100 | Orc:1    | Killed barkas's ghost
 21104 | Orc:1    | Slain by an orc warrior

Illustrated notes

Levels and vault maps discovered:
D:1:      evilmike_arrival_grusome_pit, layout_loops_corners,
          minmay_misc_feat_five
D:2:      layout_basic, nicolae_qazlal_style_of_elements, uniq_jessica
D:3:      layout_rooms, corner_web_ring, minmay_hedge_maze, uniq_robin,
          uniq_sigmund
D:4:      minmay_wonky_spiral, layout_loops_ring, serial_shops, shop,
          nicolae_ru_path_of_blood
D:5:      layout_loops_corners, minmay_temple_entry_butterflies,
          gammafunk_ghost_smash
D:6:      layout_basic, minitemple
D:7:      layout_gridville, old_standard_altar
D:8:      layout_rooms, uniq_joseph
D:9:      layout_gridville, kennysheep_mini, cheibriados_altar_1,
          lemuel_doored_altar, uniq_psyche, uniq_pikel
D:10:     layout_cave_pools, due_lair_maze_entry_diamond, hiddenorc1_lemuel,
          kennysheep_generic_room_2
D:11:     layout_rooms, feat_on_display, uniq_nergalle
Lair:1:   layout_loops_ring, gauntlet_entry_generic, minmay_lair_oklob_chamber
Lair:2:   layout_big_grid, ebering_ghost_disaster_area
Lair:3:   layout_regular_city, minmay_snake_entry_guardpost_medium
Lair:4:   layout_roguey, minmay_shoals_entry_lonely_mermaid, special_room
          [special_room_bee]
Lair:5:   layout_gridlike, slime_altar_1, uniq_josephine
Lair:6:   hangedman_lair_in_review, layout_hall_layers,
          hangedman_lair_caniforms_friends
Orc:1:    layout_caves, gammafunk_ghost_fury_of_okawaru, sword_in_stone
Orc:2:    st_orc_ogre_mass, layout_diamond_mine, basic_altar,
          minmay_orc_barracks, uniq_erolcha

Skill      XL: |  1  2  3  4  5  6  7  8  9 10 11 12 13 14 15 |
---------------+----------------------------------------------+-----
Invocations    | 1 2 3 4 5 6 8 10 11 13 14 16 17 18 | 18.4
Evocations     | 1 2 3 4 6 7 9 10 11 12 14 | 14.6
Armour         | 1 2 3 4 5 6 8 9 10 11 13 | 13.6
Axes           | 3 4 5 6 7 8 9 10 | 10.4
Fighting       | 5 |  5.4
Dodging        | |  2.6
Stealth        | |  1.7

Action                   |  1- 3 |  4- 6 |  7- 9 | 10-12 | 13-15 || total
-------------------------+-------+-------+-------+-------+-------++-------
Melee: Hand axe          |   100 |     3 |       |       |       ||   103
       War axe           |       |   200 |   287 |    40 |       ||   527
       Headbutt          |       |    11 |    57 |   152 |   242 ||   462
       Spear             |       |       |    28 |       |       ||    28
       Whip              |       |       |       |   422 |   259 ||   681
       Battleaxe         |       |       |       |    46 |   471 ||   517
       Great mace        |       |       |       |       |   163 ||   163
Invok: Upheaval          |       |       |       |     9 |    10 ||    19
       Disaster Area     |       |       |       |     1 |     1 ||     2
       Elemental Force   |       |       |       |       |     1 ||     1
Evoke: Wand              |       |     1 |       |     7 |       ||     8
  Use: Scroll            |     6 |     5 |     6 |     5 |     3 ||    25
       Potion            |       |     3 |     1 |     4 |     2 ||    10
 Stab: Distracted        |       |     1 |       |     3 |     5 ||     9
       Petrified         |       |       |       |       |     1 ||     1
       Paralysed         |       |       |       |       |     1 ||     1
       Confused          |       |       |       |       |     1 ||     1
Armor: Chain mail        |    64 |    88 |    81 |       |       ||   233
       Shadow dragon sca |       |       |   133 |    21 |       ||   154
       Plate armour      |       |       |       |   267 |   802 ||  1069
Dodge: Dodged            |    25 |    53 |   207 |   274 |   805 ||  1364
       Repelled          |       |       |       |    12 |     7 ||    19
Block: Other             |     1 |    11 |    87 |   155 |   441 ||   695
